 Dungeon Crawl Stone Soup version 0.30-a0-359-gd0147acb1a (webtiles) character file.

Game seed: 4132120899682095276

158 mcwallace the Shooter (level 5, 0/27 HPs)
             Began as a Kobold Hexslinger on Nov 13, 2022.
             Was a Believer of Hepliaklqana.
             Slain by Duvessa
             ... wielding a +0 short sword
              (10 damage)
             ... on level 4 of the Dungeon.
             The game lasted 00:06:33 (2670 turns).

mcwallace the Shooter (Kobold Hexslinger)           Turns: 2670, Time: 00:06:33

Health: 0/27       AC:  2    Str:  8    XL:     5   Next: 67%
Magic:  8/8        EV: 20    Int: 14    God:    Hepliaklqana [**....]
Gold:   253        SH:  0    Dex: 17    Spells: 7/8 levels left

rFire   . . .      SeeInvis .    a - +1 sling
rCold   . . .      Faith    .    (no shield)
rNeg    . . .      Spirit   .    c - +0 robe
rPois   .          Reflect  .    (no helmet)
rElec   .          Harm     .    (no cloak)
rCorr   .          Rampage  .    (no gloves)
Will    .....                    (no boots)
Stlth   +++.......               h - amulet of regeneration {@e2}
HPRegen 1.04/turn                g - +4 ring of evasion
MPRegen 0.11/turn                (no ring)

@: no status effects
A: reduced essence, small, no large weapons, nightstalker 3
a: Renounce Religion, Recall Ancestor, Ancestor Identity


You were on level 4 of the Dungeon.
You worshipped Hepliaklqana.
Hepliaklqana was pleased with you.
You visited 1 branch of the dungeon, and saw 4 of its levels.

You collected 253 gold pieces.


Innate Abilities, Weirdness & Mutations

Your life essence is reduced to manifest your ancestor. (-10% HP)
You are small and have problems with some larger weapons.
You are completely attuned to the shadows.


   Skills:
 - Level 2.3 Fighting
 + Level 4.0 Ranged Weapons
 + Level 3.6 Dodging
 + Level 2.3 Spellcasting
 + Level 3.7 Hexes
 + Level 0.5 Invocations


You had 7 spell levels left.
You knew the following spells:

 Your Spells              Type           Power      Damage    Failure   Level
a - Slow                  Hex            48%        N/A       4%          1

Your spell library contained the following spells:

 Spells                   Type           Power      Damage    Failure   Level
 Inner Flame              Hex/Fire       6%         N/A       32%         3
 Portal Projectile        Hex/Tloc       12%        N/A       32%         3
 Cause Fear               Hex            6%         N/A       43%         4

Inventory:

Hand Weapons
 a - a +1 sling (weapon)
Missiles
 d - 25 stones {throwing}
 f - 4 poisoned darts {throwing}
Armour
 c - a +0 robe (worn)
 k - a +0 leather armour
   (You found it on level 1 of the Dungeon)
 o - a +0 robe
   (You found it on level 2 of the Dungeon)
 q - a +0 scale mail
   (You took it off Terence on level 2 of the Dungeon)
 r - a +0 scale mail
   (You found it on level 2 of the Dungeon)
 u - a +0 chain mail
   (You took it off an orc on level 3 of the Dungeon)
 w - a +0 leather armour
   (You took it off an orc on level 3 of the Dungeon)
Jewellery
 g - a +4 ring of evasion (left hand)
   (You found it on level 1 of the Dungeon)
 h - an amulet of regeneration (around neck) {@e2}
   (You found it on level 1 of the Dungeon)
Scrolls
 b - a scroll of poison {!r}
 i - a scroll of blinking {unknown}
 j - a scroll of teleportation {unknown}
 l - a scroll of fear {unknown}
 n - a scroll of summoning {unknown}
 s - 3 scrolls of identify {unknown}
 t - a scroll of immolation {unknown}
 v - a scroll of brand weapon {unknown}
 y - a scroll of vulnerability {unknown}
 z - a scroll of silence {unknown}
Potions
 e - 2 potions of invisibility {unknown}
 m - 5 potions of might {unknown}
 p - a potion of heal wounds {unknown}
 x - a potion of mutation {unknown}

Dungeon Overview and Level Annotations

Branches:
Dungeon (4/15) Zot: 21256
 Temple: D:4-7

Altars:
Hepliaklqana

Shops:
D:3 (

Annotations:
D:4 Dowan, Duvessa

.... ......
#####....#$.
.............
....<........
.........#...
.............
.....@eR>....
#............
....#.......
#+#.........
..#.##.#.
..#.# ..


You could see the friendly Arsinoe the knight (corona) and Duvessa (ally
target).


Message History

Moving in this stuff is going to be slow.
You now have 218 gold pieces (gained 16).
You now have 232 gold pieces (gained 14).
z - a scroll labelled CILAET IGEQU You enter the shallow water.
Moving in this stuff is going to be slow.
You enter the shallow water.
Moving in this stuff is going to be slow.
You swap places.
You enter the shallow water.
Moving in this stuff is going to be slow.
Things that are here:
a +0 whip {mace}; a +0 mace {mace} You see here a +0 dagger {short}.
You swap places.
You now have 243 gold pieces (gained 11).
You enter the shallow water.
Moving in this stuff is going to be slow.
Done exploring.
Done exploring.
Done exploring.
No target in view!
There is a stone staircase leading down here.
You climb downwards.
Found 10 gold pieces.
Found an escape hatch in the floor.
There is a stone staircase leading up here.
You now have 253 gold pieces (gained 10).
Duvessa and Dowan come into view.
You swap places.
Fire: a) +1 sling
Press: ? - help, Q - select action, (/) - cycle Shift-Dir - straight line You shoot a sling bullet.
You hear a shout! x2
What are your orders? t - Shout!
Orders for allies: a - Attack new target. r - Retreat! s - Stop attacking. g - Guard the area. f - Follow me.
Anything else - Cancel.
Gang up on whom?
Press: ? - help, Dir - move target, f - Duvessa
Aim: Duvessa, wielding a +0 short sword and wearing a +0 chain mail Attack!
Arsinoe hits Duvessa with a +0 flail.
Arsinoe blocks Dowan's attack.
Duvessa hits Arsinoe with a +0 short sword.
Fire: a) +1 sling
Press: ? - help, Q - select action, (/) - cycle Shift-Dir - straight line, f/p - Duvessa
Aim: Duvessa, wielding a +0 short sword and wearing a +0 chain mail (lightly wounded, 72% to hit)
You shoot a sling bullet. The sling bullet barely misses Duvessa.
Arsinoe misses Dowan.
Dowan hits Arsinoe with a +0 dagger.
Fire: a) +1 sling
Press: ? - help, Q - select action, (/) - cycle Shift-Dir - straight line, f/p - Duvessa
Aim: Duvessa, wielding a +0 short sword and wearing a +0 chain mail (lightly wounded, 72% to hit)
You shoot a sling bullet.
The sling bullet hits Duvessa but does no damage.
Arsinoe barely misses Dowan.
Dowan barely misses Arsinoe.
Arsinoe barely misses Dowan.
Fire: a) +1 sling
Press: ? - help, Q - select action, (/) - cycle Shift-Dir - straight line, f - Dowan, p - Duvessa
Aim: Dowan, wielding a +0 dagger and wearing a +0 robe (ally target, 51% to hit)
You shoot a sling bullet.
The sling bullet hits Duvessa but does no damage.
Dowan hits Arsinoe but does no damage.
Arsinoe hits Dowan with a +0 flail!
Fire: a) +1 sling
Press: ? - help, Q - select action, (/) - cycle Shift-Dir - straight line, f/p - Dowan
Aim: Dowan, wielding a +0 dagger and wearing a +0 robe (heavily wounded, ally target, 51% to hit)
You shoot a sling bullet. The sling bullet hits Duvessa.
Dowan gestures at you while chanting.
Arsinoe is outlined in light.
Duvessa hits you with a +0 short sword.
Arsinoe barely misses Dowan.
Duvessa hits you with a +0 short sword!
Dowan gestures wildly while chanting.
Dowan blinks! 😮 HP[-12]
You take 12 damage, and now have 15/27 hp.
MASSIVE DAMAGE!! (PAUSE) Unknown command.
What are your orders? t - Shout!
Orders for allies: a - Attack new target. r - Retreat! s - Stop attacking. g - Guard the area. f - Follow me.
Anything else - Cancel.
Gang up on whom?
Press: ? - help, Dir - move target, f - Duvessa
Aim: Duvessa, wielding a +0 short sword and wearing a +0 chain mail (lightly wounded, ally target) Attack!
Duvessa hits you with a +0 short sword!
* * * LOW HITPOINT WARNING * * *
😨 HP[-7]
You take 7 damage, and now have 8/27 hp.
MASSIVE DAMAGE!! (PAUSE) Arsinoe hits Duvessa but does no damage. 😨 HP[+1] Fire: a) +1 sling
Press: ? - help, Q - select action, (/) - cycle Shift-Dir - straight line, f/p - Duvessa
Aim: Duvessa, wielding a +0 short sword and wearing a +0 chain mail (lightly wounded, ally target, 72% to hit)
You shoot a sling bullet.
The sling bullet hits Duvessa but does no damage.
Duvessa hits you with a +0 short sword!
You die...

Skill      XL: |  1  2  3  4  5 |
---------------+----------------+-----
Ranged Weapons | 3 4 |  4.0
Dodging        | 3 |  3.6
Fighting       | 2 |  2.3
Spellcasting   | 2 |  2.3
Hexes          | |  3.7
Invocations    | |  0.5

Action                   |  1- 3 |  4- 6 || total
-------------------------+-------+-------++-------
 Fire: Sling             |    92 |    95 ||   187
 Cast: Slow              |     4 |       ||     4
Invok: Ancestor Life: Kn |       |     1 ||     1
Armor: Robe              |    14 |     2 ||    16
Dodge: Dodged            |    60 |    21 ||    81

Levels and vault maps discovered:
D:1:      wander_arrival_fairy_ring, layout_basic, basic_ecumenical_altar
D:2:      layout_loops_ring, guppyfry_early_orc_mine, uniq_terence
D:3:      layout_basic, serial_shops, shop, grunt_decor_resistance,
          minivault_25, serial_bayou_lake_a
D:4:      layout_basic, mainiacjoe_overflow_alcove_3, nicolae_underground_beach,
          uniq_edmund, uniq_duvessa

Notes
Turn   | Place    | Note
-------+----------+-------------------------------------------
     0 | D:1      | mcwallace the Kobold Hexslinger began the quest for the
                  | Orb.
     0 | D:1      | Reached XP level 1. HP: 12/12 MP: 2/2
     0 | D:1      | magus.rc [v1.9.6]
    64 | D:1      | Reached XP level 2. HP: 15/16 MP: 3/3
   138 | D:1      | Reached skill level 3 in Ranged Weapons
   255 | D:1      | HP: 3/16 [ball python (3)]
   266 | D:1      | HP: 2/16 [goblin/+0 club (4)]
   366 | D:1      | Found a faded altar of an unknown god.
   384 | D:1      | Prayed at the altar of an unknown god.
   384 | D:1      | Became a worshipper of Hepliaklqana the Forgotten
   384 | D:1      | Reached * piety under Hepliaklqana
   429 | D:1      | Reached XP level 3. HP: 18/18 MP: 5/5
   729 | D:1      | Reached skill level 3 in Dodging
  1093 | D:2      | Reached XP level 4. HP: 23/23 MP: 6/6
  1112 | D:2      | Reached skill level 2 in Fighting
  1226 | D:2      | Noticed Terence
  1235 | D:2      | Killed Terence
  1236 | D:2      | Reached skill level 2 in Spellcasting
  1256 | D:2      | Reached ** piety under Hepliaklqana
  1257 | D:2      | Remembered your ancestor Arsinoe as a knight
  1328 | D:2      | Reached XP level 5. HP: 27/27 MP: 8/8
  2127 | D:3      | Reached skill level 4 in Ranged Weapons
  2241 | D:3      | Found Qahe's Antique Weapon Shoppe.
  2658 | D:4      | Noticed Duvessa
  2658 | D:4      | Noticed Dowan
  2670 | D:4      | Slain by Duvessa

Vanquished Creatures
  Terence (D:2)
  An adder (D:2)
  3 dart slugs
  6 orcs
  4 bats
  4 endoplasms
  5 giant cockroaches
  7 hobgoblins
  2 jackals (D:1)
  2 kobolds
  3 quokkas
  7 ball pythons
  2 frilled lizards (D:1)
  6 goblins
  8 rats
61 creatures vanquished.

Vanquished Creatures (collateral kills)
  2 adders
  A worm (D:2)
  3 orcs
  2 bats
  An endoplasm (D:1)
  A giant cockroach (D:3)
  A hobgoblin (D:2)
  2 kobolds (D:1)
  A frilled lizard (D:1)
  7 goblins
21 creatures vanquished.

Vanquished Creatures (others)
  A fungus (D:1)
  3 plants
4 creatures vanquished.

Grand Total: 86 creatures vanquished

Table legend:
 A = Non-vault XP
 B = Vault XP
 C = Vault XP percentage of total XP
 D = Non-vault monster count
 E = Vault monster count
 F = Vault count percentage of total count
                 A         B        C        D         E       F
            +---------+---------+-------+---------+---------+-------
      Total |     174 |      53 |  23.3 |      74 |       8 |   9.8
            +---------+---------+-------+---------+---------+-------
        D:1 |      63 |       0 |   0.0 |      36 |       0 |   0.0
        D:2 |      61 |      53 |  46.5 |      22 |       8 |  26.7
        D:3 |      50 |       0 |   0.0 |      16 |       0 |   0.0
            +---------+---------+-------+---------+---------+-------

Illustrated notes

Table legend:
 A = Kills in this place as a percentage of kills in entire the game.
 B = Kills by you in this place as a percentage of kills by you in the entire game.
 C = Kills by friends in this place as a percentage of kills by friends in the entire game.
 D = Other kills in this place as a percentage of other kills in the entire game.
 E = Experience gained in this place as a percentage of experience gained in the entire game.
 F = Experience gained in this place divided by the number of levels of this place that you have seen.
                   A       B       C       D       E      F
               +-------+-------+-------+-------+-------+----------------------
         Total | 100.0 | 100.0 | 100.0 |   N/A | 100.0 |  56.8
       Dungeon | 100.0 | 100.0 | 100.0 |   N/A | 100.0 |  56.8
               +-------+-------+-------+-------+-------+----------------------

Table legend: (Time is in decaauts)
 A = Elapsed time spent in this place.
 B = Non-inter-level travel time spent in this place.
 C = Inter-level travel time spent in this place.
 D = Time resting spent in this place.
 E = Time spent auto-exploring this place.
 F = Levels seen in this place.
 G = Mean time per level.
                   A        B        C        D        E       F      G
               +--------+--------+--------+--------+--------+-----+--------+
         Total |   2742 |   2660 |     82 |      0 |   2254 |   4 |  685.5 |
       Dungeon |   2742 |   2660 |     82 |      0 |   2254 |   4 |  685.5 |
               +--------+--------+--------+--------+--------+-----+--------+

Top non-repeatable levels by time:
     D:1: 1099 daAuts
     D:2: 841 daAuts
     D:3: 782 daAuts
     D:4: 19 daAuts
